 Dungeon Crawl Stone Soup version 0.22-a0-254-gaf95ca0 (webtiles) character file.

37 mhoghedin the Charmwright (level 3, -3/28 HPs)
             Began as a Gnoll Wanderer on Mar 4, 2018.
             Slain by a leopard gecko (5 damage)
             ... on level 2 of the Dungeon.
             The game lasted 00:01:11 (689 turns).

mhoghedin the Charmwright (Gnoll Wanderer)           Turns: 689, Time: 00:01:11

Health: -3/28      AC:  2    Str: 15    XL:     3   Next: 41%
Magic:  7/7        EV: 11    Int: 16    God:
Gold:   53         SH:  0    Dex: 12    Spells: 7/7 levels left

rFire    . . .     SeeInvis .   a - +2 shortbow
rCold    . . .     Gourm    .   (shield currently unavailable)
rNeg     . . .     Faith    .   d - +0 robe
rPois    .         Spirit   .   (no helmet)
rElec    .         Reflect  .   (no cloak)
rCorr    .         Harm     .   (no gloves)
MR       .....                  (no boots)
Stlth    ++........             (no amulet)
HPRegen  0.09/turn              (no ring)
MPRegen  0.10/turn              (no ring)

@: no status effects
A: distributed training, fangs 1, strong nose
a: no special abilities


You were on level 2 of the Dungeon.
You were not hungry.

You visited 1 branch of the dungeon, and saw 2 of its levels.

You collected 53 gold pieces.

Inventory:

Hand Weapons
 a - a +2 shortbow (weapon)
Missiles
 b - 51 arrows (quivered)
 k - 2 throwing nets {=f, !d}
Armour
 d - a +0 robe (worn)
 g - a +0 helmet
   (You found it on level 1 of the Dungeon)
Scrolls
 c - 3 scrolls of teleportation
 e - a scroll of fear {unknown}
 i - 3 scrolls of identify {unknown}
 l - a scroll of remove curse {unknown}
Potions
 h - a potion of curing {unknown}
 j - a potion of haste {unknown}
Comestibles
 f - 5 rations


   Skills:
 + Level 2.6 Fighting
 + Level 0.7 Short Blades
 + Level 0.7 Long Blades
 + Level 0.7 Axes
 + Level 0.7 Maces & Flails
 + Level 0.7 Polearms
 + Level 0.7 Staves
 + Level 0.7 Slings
 + Level 2.6 Bows
 + Level 0.7 Crossbows
 + Level 0.7 Throwing
 + Level 2.6 Armour
 + Level 0.7 Dodging
 + Level 2.3 Stealth
 + Level 0.7 Shields
 + Level 0.7 Unarmed Combat
 + Level 2.8 Spellcasting
 + Level 0.5 Conjurations
 + Level 0.5 Hexes
 + Level 5.4 Charms
 + Level 0.5 Summonings
 + Level 0.5 Necromancy
 + Level 0.5 Translocations
 + Level 0.5 Transmutations
 + Level 0.5 Fire Magic
 + Level 0.5 Ice Magic
 + Level 2.1 Air Magic
 + Level 0.5 Earth Magic
 + Level 0.5 Poison Magic
 + Level 0.9 Invocations
 + Level 2.6 Evocations


You had 7 spell levels left.
You didn't know any spells.

Dungeon Overview and Level Annotations

Branches:
Dungeon (2/15)

Altars:


Innate Abilities, Weirdness & Mutations

Your experience applies equally to all skills.
You have very sharp teeth.
Your uncanny sense of smell can sniff out nearby items.


Message History

The arrow hits the bat but does no damage.
You hear an angry hiss.
The bat closely misses you. The quokka closely misses you. The bat misses you.
An adder comes into view.
Firing (i - inventory. (/) - cycle)
b - 65 arrows (quivered)
Aim: a bat You shoot an arrow.
The adder hisses angrily.
The arrow hits the bat.
The bat hits you but does no damage. The quokka bites you.
The quokka barely misses you.
You take 5 damage, and have 22/28 hp.
Firing (i - inventory. (/) - cycle)
b - 64 arrows (quivered)
Aim: a bat (moderately wounded)
You shoot an arrow. The arrow hits the adder!
You kill the adder!
The bat barely misses you. The quokka bites you. The bat barely misses you.
The quokka closely misses you.
The quokka bites you but does no damage.
A rat comes into view.
You take 2 damage, and have 20/28 hp.
Firing (i - inventory. (/) - cycle)
b - 63 arrows (quivered)
Aim: a bat (moderately wounded)
You shoot an arrow. The arrow misses the bat.
The bat hits you but does no damage. The quokka barely misses you.
The quokka closely misses you. The quokka bites you.
You take 1 damage, and have 19/28 hp.
Firing (i - inventory. (/) - cycle)
b - 62 arrows (quivered)
Aim: a bat (moderately wounded)
You shoot an arrow. The arrow closely misses the quokka.
The arrow misses the bat.
The quokka bites you. The bat barely misses you.
The quokka bites you but does no damage.
You take 5 damage, and have 14/28 hp.
You are too injured to fight recklessly!
Unknown command.
You are too injured to fight recklessly!
You are too injured to fight recklessly!
A leopard gecko comes into view.
The bat hits you but does no damage.
Things that are here:
an arrow; an adder corpse The quokka bites you but does no damage.
You are too injured to fight recklessly!
You are too injured to fight recklessly!
You are too injured to fight recklessly!
Firing (i - inventory. (/) - cycle)
b - 61 arrows (quivered)
Aim: a quokka You shoot an arrow.
The arrow hits the quokka!
You kill the quokka!
The bat barely misses you. The bat hits you.
You take 1 damage, and have 13/28 hp.
Firing (i - inventory. (/) - cycle)
b - 60 arrows (quivered)
Aim: a quokka You shoot an arrow.
The arrow hits the bat!
You kill the bat!
Firing (i - inventory. (/) - cycle)
b - 59 arrows (quivered)
Aim: a quokka You shoot an arrow.
The arrow closely misses the quokka.
The arrow hits the rat.
You kill the rat!
The quokka bites you but does no damage.
Firing (i - inventory. (/) - cycle)
b - 58 arrows (quivered)
Aim: a quokka You shoot an arrow.
The arrow hits the quokka.
The quokka bites you. The quokka misses you.
You take 2 damage, and have 11/28 hp.
Firing (i - inventory. (/) - cycle)
b - 57 arrows (quivered)
Aim: a quokka (moderately wounded)
You shoot an arrow. The arrow closely misses the quokka.
The leopard gecko hisses angrily.
The quokka bites you but does no damage.
Firing (i - inventory. (/) - cycle)
b - 56 arrows (quivered)
Aim: a quokka (moderately wounded)
You shoot an arrow. The arrow closely misses the quokka.
The quokka bites you. The quokka completely misses you.
You take 2 damage, and have 9/28 hp.
Firing (i - inventory. (/) - cycle)
b - 55 arrows (quivered)
Aim: a quokka (moderately wounded)
You shoot an arrow. The arrow barely misses the quokka.
The quokka barely misses you.
Firing (i - inventory. (/) - cycle)
b - 54 arrows (quivered)
Aim: a quokka (moderately wounded)
You shoot an arrow. The arrow completely misses the quokka.
The quokka bites you.
* * * LOW HITPOINT WARNING * * *
You take 1 damage, and have 8/28 hp.
Firing (i - inventory. (/) - cycle)
b - 53 arrows (quivered)
Aim: a quokka (moderately wounded)
You shoot an arrow. The arrow barely misses the quokka.
The quokka bites you but does no damage.
The leopard gecko misses you. The quokka bites you.
* * * LOW HITPOINT WARNING * * *
You take 4 damage, and have 4/28 hp.
Firing (i - inventory. (/) - cycle)
b - 52 arrows (quivered)
Aim: a leopard gecko You shoot an arrow.
The arrow barely misses the leopard gecko.
The leopard gecko bites you.
* * * LOW HITPOINT WARNING * * *
The quokka closely misses you. The leopard gecko bites you.
You die...

####### ##
....... #(####
....... ###.#....
)......##((...#
......l@r<...(#
.......##.......#
....... #.....###
....... #.....%..
####### ##.######
.# .# .#


You could see a leopard gecko and a quokka.

Vanquished Creatures
  An adder (D:2)
  A dart slug (D:1)
  6 goblins (D:1)
  3 hobgoblins (D:1)
  3 jackals (D:1)
  A quokka (D:2)
  4 bats
  A frilled lizard (D:1)
  2 kobolds (D:1)
  3 rats
25 creatures vanquished.

Notes
Turn   | Place    | Note
-------+----------+-------------------------------------------
     0 | D:1      | mhoghedin the Gnoll Wanderer began the quest for the Orb.
     0 | D:1      | mhoghedin set off with: a +2 shortbow, 29 arrows, a scroll of teleportation, a +0 robe, a ration
     0 | D:1      | Reached XP level 1. HP: 17/17 MP: 4/4
   106 | D:1      | Reached skill level 2 in Air Magic
   107 | D:1      | Reached XP level 2. HP: 23/23 MP: 5/5
   423 | D:1      | Reached XP level 3. HP: 28/28 MP: 7/7
   688 | D:2      | HP: 4/28 [quokka (4)]
   689 | D:2      | Slain by a leopard gecko

Vault maps used:
D:1:      minmay_arrival_widening_spiral_wide, minmay_misc_feat_more_columns,
          palyth_stone_intersect
D:2:      first_ration, uniq_terence

Skill      XL: |  1 |
---------------+----+-----
Air Magic      | 2 |  2.1
Fighting       | |  2.6
Short Blades   | |  0.7
Long Blades    | |  0.7
Axes           | |  0.7
Maces & Flails | |  0.7
Polearms       | |  0.7
Staves         | |  0.7
Slings         | |  0.7
Bows           | |  2.6
Crossbows      | |  0.7
Throwing       | |  0.7
Armour         | |  2.6
Dodging        | |  0.7
Stealth        | |  2.3
Shields        | |  0.7
Unarmed Combat | |  0.7
Spellcasting   | |  2.8
Conjurations   | |  0.5
Hexes          | |  0.5
Charms         | |  5.4
Summonings     | |  0.5
Necromancy     | |  0.5
Translocations | |  0.5
Transmutations | |  0.5
Fire Magic     | |  0.5
Ice Magic      | |  0.5
Earth Magic    | |  0.5
Poison Magic   | |  0.5
Invocations    | |  0.9
Evocations     | |  2.6

Action                   || total
-------------------------++-------
 Fire: Shortbow          ||    48
Armor: Robe              ||    10
Dodge: Dodged            ||    16

Table legend:
 A = Spawn XP
 B = Non-spawn XP
 C = Spawn XP percentage of total XP
 D = Spawn monster count
 E = Non-spawn monster count
 F = Spawn count percentage of total count
 G = Total turns spent on level
                    A         B        C        D         E        F      G
               +---------+---------+-------+---------+---------+-------+---------
         Total |       0 |      54 |   0.0 |       0 |      25 |   0.0 |   689
               +---------+---------+-------+---------+---------+-------+---------
           D:1 |       0 |      36 |   0.0 |       0 |      21 |   0.0 |   671
           D:2 |       0 |      18 |   0.0 |       0 |       4 |   0.0 |    18
               +---------+---------+-------+---------+---------+-------+---------

Vault maps used:
D:1:      minmay_arrival_widening_spiral_wide, minmay_misc_feat_more_columns,
          palyth_stone_intersect
D:2:      first_ration, uniq_terence

Table legend:
 A = Turns spent in this place as a percentage of turns spent in the entire game.
 B = Non-inter-level travel turns spent in this place as a percentage of non-inter-level travel turns spent in the entire game.
 C = Inter-level travel turns spent in this place as a percentage of turns spent in this place.
 D = Turns resting spent in this place as a percentage of non-inter-level travel turns spent in this place.
 E = Turns spent auto-exploring this place as a percentage of non-inter-level travel turns spent in this place.
 F = Non-inter-level travel turns spent in this place divided by the number of levels of this place that you've seen.
                   A       B       C       D       E      F
               +-------+-------+-------+-------+-------+----------------------
         Total | 100.0 | 100.0 |   3.0 |   0.0 |  89.1 | 334.0
       Dungeon | 100.0 | 100.0 |   3.0 |   0.0 |  89.1 | 334.0
               +-------+-------+-------+-------+-------+----------------------

Table legend:
 A = Kills in this place as a percentage of kills in entire the game.
 B = Kills by you in this place as a percentage of kills by you in the entire game.
 C = Kills by friends in this place as a percentage of kills by friends in the entire game.
 D = Other kills in this place as a percentage of other kills in the entire game.
 E = Experience gained in this place as a percentage of experience gained in the entire game.
 F = Experience gained in this place divided by the number of levels of this place that you have seen.
                   A       B       C       D       E      F
               +-------+-------+-------+-------+-------+----------------------
         Total | 100.0 | 100.0 |   N/A |   N/A | 100.0 |  27.0
       Dungeon | 100.0 | 100.0 |   N/A |   N/A | 100.0 |  27.0
               +-------+-------+-------+-------+-------+----------------------
